 Dungeon Crawl Stone Soup version 0.30-a0-739-gea05faddec (webtiles) character file.

Game seed: 7565963600734117320

173323 Biblin the Executioner (level 18, -6/163 HPs)
             Began as a Hill Orc Fighter on Feb 1, 2023.
             Was a High Priest of Okawaru.
             Mangled by a thorn hunter (12 damage)
             ... on level 4 of the Swamp on Feb 4, 2023.
             The game lasted 02:04:52 (36196 turns).

Biblin the Executioner (Hill Orc Fighter)          Turns: 36196, Time: 02:04:53

Health: -6/163     AC: 37    Str: 31    XL:     18   Next: 5%
Magic:  0/26       EV: 11    Int:  7    God:    Okawaru [*****.]
Gold:   3160       SH: 15    Dex:  9    Spells: 17/17 levels left

rFire   + + .      SeeInvis .    Z - +7 war axe "Goblinslayer" {flame, rPois}
rCold   + . .      Faith    .    n - +2 kite shield {AC+3}
rNeg    . . .      Spirit   +    O - +4 storm dragon scales {Bai Suzhen}
rPois   +          Reflect  .    s - +2 helmet
rElec   +          Harm     .    K - scarf {rC+ rF+}
rCorr   .          Rampage  .    N - +1 pair of gloves
Will    +....                    t - +2 pair of boots Stlth
                                 m - amulet of guardian spirit
HPRegen 0.47/turn                o - +4 ring of slaying
MPRegen 0.20/turn                x - ring of protection from fire

@: heroic
A: frail 1, strong 1
a: Renounce Religion, Heroism, Finesse, Duel


You were on level 4 of the Swamp.
You worshipped Okawaru.
Okawaru was extremely pleased with you.
You visited 6 branches of the dungeon, and saw 30 of its levels.
You also visited: Bailey, Gauntlet and Ice Cave.

You collected 3482 gold pieces.
You spent 322 gold pieces at shops.

Inventory:

Hand Weapons
 P - the +9 battleaxe "Death Rattle" {heavy, rC+}
   (Okawaru gifted it to you on level 12 of the Dungeon)

   rC:        It protects you from cold.
 R - a +4 heavy broad axe
 Z - the +7 war axe "Goblinslayer" (weapon) {flame, rPois}
   (You bought it in a shop on level 2 of the Orcish Mines)

   rPois:     It protects you from poison.
Missiles
 B - 3 curare-tipped darts (quivered)
Armour
 h - the +3 buckler of Recklessness {+Inv rC- Dex+3 Slay+2}
   (Okawaru gifted it to you on level 3 of the Lair of Beasts)

   Dex:       It affects your dexterity (+3).
   Slay:      It affects your accuracy & damage with ranged weapons and melee
   (+2).
   rC:        It makes you vulnerable to cold.
   +Inv:      It lets you turn invisible.
 k - the +15 Maxwell's patent armour {-Cast -Tele rElec Will+ rCorr}
   (You found it in an ice cave)

   rElec:     It insulates you from electricity.
   -Cast:     It prevents spellcasting.
   -Tele:     It prevents most forms of teleportation.
   rCorr:     It protects you from acid and corrosion.
   Will:      It increases your willpower.
 n - a +2 kite shield of protection (worn)
 s - a +2 helmet (worn)
 t - a +2 pair of boots (worn)
 w - the +4 skin of Zhor {*Englaciate rC+++ SInv}
   (You found it in an ice cave)

   *Englaciate: It radiates cold, occasionally slowing all nearby creatures who
   are not resistant to cold.
   rC:        It renders you almost immune to cold.
   SInv:      It lets you see invisible.
 A - the +4 chain mail of Cocytus {rC+}
   (You found it on level 3 of the Swamp)

   rC:        It protects you from cold.
 D - a +2 chain mail of cold resistance
 K - a scarf of resistance (worn)
 N - a +1 pair of gloves (worn)
 O - +4 storm dragon scales (worn) {Bai Suzhen}
 X - a +2 cloak
Jewellery
 m - an amulet of guardian spirit (around neck)
 o - a +4 ring of slaying (left hand)
 x - a ring of protection from fire (right hand)
 E - a +6 ring of strength
 G - a +5 ring of evasion
 H - a ring of resist corrosion
 I - a ring of see invisible
 M - a ring of positive energy
 S - a ring of ice
Wands
 c - a wand of paralysis (23)
 i - a wand of acid (36)
 u - a wand of polymorph (1)
 y - a wand of mindburst (11)
 Y - a wand of digging (9)
Scrolls
 a - 2 scrolls of magic mapping
 e - 2 scrolls of fear
 g - 13 scrolls of teleportation
 j - a scroll of brand weapon
 q - 7 scrolls of fog
 r - 2 scrolls of enchant weapon
 v - 6 scrolls of enchant armour
 z - a scroll of silence
 C - 14 scrolls of identify
 J - 2 scrolls of blinking
 L - 3 scrolls of poison
Potions
 b - a potion of invisibility
 d - 3 potions of might
 f - 7 potions of ambrosia
 l - 14 potions of curing
 p - 3 potions of magic
 F - 3 potions of cancellation
 T - 5 potions of flight
 U - a potion of berserk rage


   Skills:
 * Level 21.2(26.2) Fighting
 * Level 22.5(27) Axes
 * Level 16.8(21.8) Armour
 - Level 3.2(8.2) Dodging
 + Level 11.6(16.6) Shields
 - Level 10.6 Invocations


You had 17 spell levels left.
You didn't know any spells.
Your spell library contained the following spells:

 Spells                   Type           Power      Damage    Failure   Level
 Magic Dart               Conj           0%         1d3       88%         1
 Necrotise                Necr           0%         1d4       88%         1
 Sting                    Tmut/Pois      0%         1d3       88%         1
 Cigotuvi's Dreadful Rot  Necr/Pois/Air  0%         N/A       95%         2
 Ensorcelled Hibernation  Hex/Ice        0%         N/A       95%         2
 Lesser Beckoning         Tloc           0%         N/A       95%         2
 Passwall                 Tmut/Erth      0%         N/A       95%         2
 Poisonous Vapours        Pois/Air       0%         N/A       95%         2
 Searing Ray              Conj           0%         2d4       95%         2
 Dazzling Flash           Conj/Hex       0%         N/A       99%         3
 Frozen Ramparts          Ice            0%         1d1       99%         3
 Inner Flame              Hex/Fire       0%         N/A       99%         3
 Mephitic Cloud           Conj/Pois/Air  0%         N/A       99%         3
 Portal Projectile        Hex/Tloc       0%         N/A       99%         3
 Swiftness                Air            0%         N/A       99%         3
 Vampiric Draining        Necr           0%         2d6       99%         3
 Cause Fear               Hex            0%         N/A       100%        4
 Dispel Undead            Necr           0%         3d6       100%        4
 Fulminant Prism          Conj/Hex       0%         3d5       100%        4
 Ice Form                 Ice/Tmut       0%         N/A       100%        4
 Iskenderun's Mystic Bla  Conj/Tloc      0%         2d3       100%        4
 Olgreb's Toxic Radiance  Pois           0%         N/A       100%        4
 Agony                    Necr           0%         N/A       100%        5
 Borgnjor's Vile Clutch   Necr/Erth      0%         N/A       100%        5
 Freezing Cloud           Conj/Ice/Air   0%         6-21      100%        5
 Starburst                Conj/Fire      0%         6d3       100%        6
 Discord                  Hex            0%         N/A       100%        8
 Polar Vortex             Ice            0%         N/A       100%        9
 Animate Dead             Necr           Unusable   N/A       N/A         4
 Summon Ice Beast         Ice/Summ       Unusable   N/A       N/A         4
 Death Channel            Necr           Unusable   N/A       N/A         6
 Simulacrum               Ice/Necr       Unusable   N/A       N/A         6
 Malign Gateway           Summ/Tloc      Unusable   N/A       N/A         7

Dungeon Overview and Level Annotations

Branches:
Dungeon (15/15)            Temple (1/1) D:6            Lair (5/5) D:10
  Swamp (4/4) Lair:3        Snake (3/4) Lair:2        Slime (0/5) Lair:5
    Orc (2/2) D:9             Elf (0/3) Orc:2        Vaults (0/5) D:14
 Depths (0/4) D:15         Bailey (visited)           IceCv (visited)
Gauntlet (visited)

Altars:
Ashenzari
Cheibriados
Dithmenos
Elyvilon
Fedhas
Gozag
Hepliaklqana
Kikubaaqudgha
Makhleb
Nemelex Xobeh
Okawaru
Qazlal
Ru
Sif Muna
Trog
Uskayaw
Vehumet
Wu Jian
Xom
Yredelemnul
Zin
The Shining One
Beogh
Jiyva

Shops:
D:4 *   D:5 *   D:8 *   D:9 (   D:15 =   Orc:1 (   Orc:2 !*:(*

Portals:
Hell: Lair:5
Pandemonium: Orc:2
Trove: D:13 (give +3 gold dragon scales)

Annotations:
D:7 2 transporters, MagicSucks's ghost, novice NaBe
D:9 1 transporter
Lair:5 CoolSool's ghost, journeyman HOHu; adozu's ghost, journeyman FeSu
Orc:2 3 runed translucent doors, emiel's ghost, journeyman DsFE


Innate Abilities, Weirdness & Mutations

You are frail. (-10% HP)
Your muscles are strong. (Str +4, Int/Dex -1)


Message History

Okay, then.
You feel much better.
The briar patch crumbles away.
The thorn hunter fires a volley of thorns at you.
The volley of thorns hits you!!
* * * LOW HITPOINT WARNING * * *
A swamp worm comes into view.
The briar patch crumbles away. x4
The briar patch is engulfed in dark miasma.
The thorn hunter gestures.
The thorn hunter hits you but does no damage. x2
The thorn hunter hits you.
* * * LOW HITPOINT WARNING * * *
The thorn hunter hits you but does no damage.
You gain the combat prowess of a mighty hero.
The briar patch crumbles away.
The briar patch is engulfed in dark miasma.
The briar patch is poisoned.
The briar patch is destroyed!
The swamp worm fires a harpoon shot at you.
You block the harpoon shot.
The thorn hunter fires a volley of thorns at you.
The volley of thorns hits you!!
* * * LOW HITPOINT WARNING * * *
The swamp worm fires a harpoon shot at you.
The harpoon shot hits you.
* * * LOW HITPOINT WARNING * * *
You are yanked forward by the harpoon shot.
You collide with the briar patch!
You feel better.
The briar patch crumbles away.
The thorn hunter hits you!
* * * LOW HITPOINT WARNING * * *
The thorn hunter hits you but does no damage.
The swamp worm fires a harpoon shot at you.
The harpoon shot hits you but does no damage.
You slash the thorn hunter! You burn the thorn hunter!
The thorn hunter is moderately damaged.
You slash the briar patch! You burn the briar patch.
You destroy the briar patch!
You slash the briar patch! You burn the briar patch. You hit the briar patch.
You burn the briar patch. The thorn hunter hits you!
You die...

#P○PP# #≈°..## ♣~~♣♣
###°..# ~w~.. ##≈≈..#
.~~~~.
###≈≈≈≈~#♣♣.~~~~~
##P≈≈≈≈≈~~≈♣.~~~§~~~
~.w..
#PP≈≈≈..≈≈≈≈...~~~~~
..~~~
#PP≈[..ZPP≈≈♣...~~ ~.
.~~~~
♣♣♣♣♣♣~...@.P♣~..~~
~♣♣~~~~
♣♣...~Pf....~~~~♣.~~~~~
♣~~~P~~~.♣..~~~.~...~t~
♣♣~~~P~~..~..~~~~~.~.~~
♣♣~§~~~~.~..~~~~~.<...
♣~~<.~.~~~.~~~§~~~~.♣♣
♣♣♣§..[~§.♣....~~~~♣♣
♣~~.~~~~♣~~.~~n~~~
♣♣♣♣~~~♣♣♣~.~.~~~~


You could see a thorn hunter, a swamp worm and a swamp dragon zombie.

Vanquished Creatures
  Mara (Swamp:3)
  Bai Suzhen (Swamp:3)
  Donald (Swamp:3)
  A thorn hunter (Swamp:4)
  Kirke (D:15)
  A fenstrider witch (Swamp:3)
  An orc warlord (Bailey)
  Nessos (D:15)
  Azrael (D:13)
  A dire elephant (D:15)
  A white draconian (IceCv)
  5 bunyips
  A minotaur (Gauntlet)
  Josephine (Lair:5)
  A hell beast (Gauntlet)
  2 vault guards (D:14)
  16 hydras
  An ogre mage (D:15)
  4 boulder beetles
  A rakshasa (D:15)
  A catoblepas (D:13)
  3 centaur warriors
  2 demonspawn (Orc:2)
  A death knight (D:13)
  2 anacondas (Snake:1)
  8 two-headed ogres
  2 naga warriors (Snake:1)
  8 alligators
  A death yak (Lair:5)
  2 naga sharpshooters (Snake:1)
  9 orc high priests (Orc:2)
  4 shock serpents (Snake:1)
  3 skeletal warriors (D:14)
  A sea snake (Snake:1)
  A sixfirhy (Lair:5)
  2 goliath frogs
  A naga ritualist (Snake:2)
  3 spriggan druids
  6 bog bodies
  An obsidian statue (Gauntlet)
  2 swamp dragons (Swamp:3)
  A spectral hydra (Swamp:4)
  A lindwurm (Lair:4)
  3 wizards
  2 necromancers (D:14)
  9 orc knights
  A deep elf pyromancer (D:12)
  3 will-o-the-wisps
  17 ugly things
  2 manticores
  2 mana vipers (Snake:1)
  4 cyclopes
  5 salamanders
  A wolf spider (D:15)
  4 orc sorcerers (Orc:2)
  20 elephants
  A guardian serpent (Snake:2)
  4 naga magi
  A guardian serpent (shapeshifter) (D:15)
  2 rust devils (Orc:2)
  A smoke demon (Lair:5)
  3 torpor snails
  2 ice statues (IceCv)
  15 black mambas
  11 cane toads
  4 orange demons (Lair:5)
  3 kobold demonologists
  An unseen horror (shapeshifter) (D:14)
  A gargoyle (D:12)
  A freezing wraith (D:13)
  11 rime drakes
  3 swamp worm zombies (Swamp:4)
  2 efreet
  11 komodo dragons
  2 ice devils
  A red devil (Lair:5)
  2 polar bears
  6 tyrant leeches
  10 trolls
  3 meliai (D:15)
  11 hornets
  16 blink frogs
  4 alligator zombies (Swamp:4)
  16 dream sheep (Lair:5)
  10 slime creatures
  2 wyverns
  2 vampires
  12 spriggans
  7 wraiths
  2 fire elementals
  34 yaks
  20 humans
  5 basilisks (Lair:5)
  A chaos spawn (Orc:2)
  3 hogs (D:15)
  15 vampire mosquitoes
  2 wargs (Orc:2)
  3 acid dragons
  12 swamp worms
  13 water moccasins
  9 nagas
  A swamp drake (Swamp:1)
  9 hell hounds
  34 orc warriors
  2 ice beasts (D:7)
  20 wolves
  14 ogres
  3 centaurs
  2 phantoms (D:5)
  5 kobold brigands
  Blork the orc (D:5)
  15 bullfrogs
  4 scorpions
  2 gnoll sergeants
  2 necrophages (D:6)
  4 wights (D:7)
  4 lindwurm simulacra (IceCv)
  7 killer bees
  2 jellies
  7 howler monkeys
  3 lava snakes (Lair:2)
  7 hounds
  6 komodo dragon simulacra (IceCv)
  27 orc priests
  2 gnoll boudas
  5 iguanas
  13 orc wizards
  A spectral swamp drake (Swamp:4)
  6 acid dragon simulacra (IceCv)
  16 gnolls
  7 adders
  A shadow imp (D:5)
  6 white imps
  An ufetubus (D:5)
  5 steam dragon simulacra (IceCv)
  A worm (D:4)
  73 orcs
  5 bats (D:1)
  11 endoplasms
  3 giant cockroaches
  14 goblins
  16 hobgoblins
  5 quokkas
  2 ball pythons (D:1)
  5 frilled lizards
  33 kobolds
  10 rats
  5 briar patches (Swamp:4)
  A bush (Lair:4)
909 creatures vanquished.

Vanquished Creatures (others)
  2 bloated husks
  5 briar patches (Swamp:4)
  6 foxfires
  30 fungi
  43 plants
  30 withered plants
116 creatures vanquished.

Grand Total: 1025 creatures vanquished

Notes
Turn   | Place    | Note
-------+----------+-------------------------------------------
     0 | D:1      | Biblin the Hill Orc Fighter began the quest for the Orb.
     0 | D:1      | Reached XP level 1. HP: 19/19 MP: 1/1
   102 | D:1      | Reached skill level 3 in Axes
   103 | D:1      | Reached XP level 2. HP: 27/27 MP: 2/2
   345 | D:1      | Reached XP level 3. HP: 22/33 MP: 3/3
  1328 | D:2      | Reached XP level 4. HP: 37/41 MP: 2/4
  1387 | D:2      | Reached skill level 4 in Axes
  1644 | D:3      | Found a hazy altar of Hepliaklqana.
  1887 | D:3      | Reached skill level 5 in Axes
  1887 | D:3      | Reached XP level 5. HP: 14/47 MP: 1/5
  2058 | D:3      | Gained mutation: You are frail. (-10% HP) [potion of
                  | mutation]
  2058 | D:3      | Gained mutation: Your muscles are strong. (Str +4, Int/Dex
                  | -1) [potion of mutation]
  2504 | D:3      | Reached XP level 6. HP: 35/49 MP: 4/6
  2565 | D:3      | Reached skill level 6 in Axes
  2682 | D:4      | Upgraded the game from 0.30-a0-737-gf23d94013f to
                  | 0.30-a0-738-g116ff8c4af
  2685 | D:4      | Found Kyaqusal's Assorted Antiques.
  2921 | D:4      | Reached skill level 5 in Fighting
  3199 | D:5      | Entered Level 5 of the Dungeon
  3259 | D:5      | Reached skill level 5 in Armour
  3431 | D:5      | Noticed Blork the orc
  3457 | D:5      | Reached skill level 7 in Axes
  3466 | D:5      | Killed Blork the orc
  3467 | D:5      | Reached XP level 7. HP: 42/54 MP: 1/7
  3578 | D:5      | Reached skill level 8 in Axes
  3646 | D:5      | Reached XP level 8. HP: 31/63 MP: 4/8
  3820 | D:5      | Noticed a kobold demonologist
  3823 | D:5      | Killed a kobold demonologist
  3824 | D:5      | Reached skill level 9 in Axes
  3872 | D:5      | Reached skill level 1 in Dodging
  3916 | D:5      | Reached skill level 10 in Axes
  4184 | D:5      | Identified the +2 pair of gloves "Vuett" {Rampage rC++
                  | rCorr Stlth-}
  4500 | D:5      | Found Isa Goyd's General Store.
  4891 | D:6      | Reached skill level 11 in Axes
  4908 | D:6      | Reached XP level 9. HP: 69/70 MP: 9/9
  4989 | D:6      | Found a staircase to the Ecumenical Temple.
  4998 | Temple   | Entered the Ecumenical Temple
  5068 | Temple   | Became a worshipper of Warmaster Okawaru
  5281 | D:6      | Reached skill level 12 in Axes
  5356 | D:6      | Identified the +3 hand axe "Conservator" {heavy, Drain
                  | Str+3 SInv}
  5491 | D:6      | Reached * piety under Okawaru
  6012 | D:7      | Noticed a moth of wrath
  6021 | D:7      | Noticed MagicSucks's ghost (novice NaBe)
  6022 | D:7      | Found a bloodstained altar of Trog.
  6037 | D:7      | Noticed a troll
  6038 | D:7      | Reached skill level 13 in Axes
  6170 | D:7      | Found a transporter.
  6178 | D:7      | Found a transporter.
  6396 | D:7      | Reached ** piety under Okawaru
  6763 | D:8      | Found Hayh's Assorted Antiques.
  6945 | D:8      | Reached XP level 10. HP: 77/79 MP: 8/10
  7428 | D:9      | Found Viwnuo's Antique Weapon Shop.
  7439 | D:9      | Reached skill level 14 in Axes
  7463 | D:9      | Reached *** piety under Okawaru
  7858 | D:9      | Reached skill level 15 in Axes
  8078 | D:9      | Noticed a two-headed ogre
  8139 | D:9      | Reached **** piety under Okawaru
  8140 | D:9      | Reached skill level 10 in Armour
  8362 | D:9      | Found a staircase to the Orcish Mines.
  8543 | D:9      | Reached XP level 11. HP: 79/87 MP: 11/11
  8683 | D:9      | Identified the ring "Geclyf" {Ice Str+3}
  8694 | D:9      | Noticed a two-headed ogre
  8754 | D:9      | Killed a two-headed ogre
  8882 | D:9      | Found a roughly hewn altar of Beogh.
  8882 | D:9      | Found a transporter.
  8884 | D:9      | Identified the +5 rapier "Seicash" {freeze, rF++ rC- Str+4}
  8896 | D:10     | Entered Level 10 of the Dungeon
  8924 | D:10     | Found a flagged portal.
  8944 | Bailey   | Entered a bailey
  8955 | Bailey   | Noticed an orc warlord
  9000 | Bailey   | Noticed an orc knight
  9039 | Bailey   | Killed an orc knight
  9040 | Bailey   | Reached skill level 10 in Fighting
  9275 | Bailey   | Found a runed translucent gate.
  9277 | Bailey   | Found a runed translucent gate.
  9279 | Bailey   | Found a runed translucent gate.
  9407 | Bailey   | Killed an orc warlord
  9458 | Bailey   | Reached XP level 12. HP: 92/106 MP: 12/12
  9793 | D:10     | Reached ***** piety under Okawaru
 10188 | D:10     | Found a staircase to the Lair.
 10448 | D:10     | Paralysed by a hornet for 3 turns
 10455 | D:10     | Reached skill level 16 in Axes
 11070 | Lair:1   | Entered Level 1 of the Lair of Beasts
 11453 | Lair:1   | Reached skill level 1 in Invocations
 12086 | Lair:1   | Reached skill level 15 in Fighting
 12653 | Lair:2   | Found a frozen archway.
 12663 | IceCv    | Entered an ice cave
 13093 | IceCv    | Reached XP level 13. HP: 113/113 MP: 13/15
 13238 | IceCv    | Found the +15 Maxwell's patent armour {-Cast -Tele rElec
                  | Will+ rCorr}
 13255 | IceCv    | Identified the +1 buckler of the Beekeeper {rCorr Str-2
                  | Int+5 Dex+2} (Okawaru gifted it to you in an ice cave)
 13255 | IceCv    | Received a gift from Okawaru
 13413 | IceCv    | Reached skill level 17 in Axes
 13475 | IceCv    | Noticed a white draconian
 13492 | IceCv    | Killed a white draconian
 13519 | IceCv    | Found the +4 skin of Zhor {*Englaciate rC+++ SInv}
 14021 | Lair:2   | Found a staircase to the Snake Pit.
 14034 | Lair:2   | Reached skill level 5 in Shields
 14639 | Lair:3   | Found a gate leading to a gauntlet.
 14656 | Gauntlet | Entered a Gauntlet
 14656 | Gauntlet | Found a transporter.
 14656 | Gauntlet | Found a transporter.
 14665 | Gauntlet | Found a transporter.
 14675 | Gauntlet | Found a transporter.
 14690 | Gauntlet | Found a transporter.
 14692 | Gauntlet | Found a large runed translucent door.
 14693 | Gauntlet | Found a large runed translucent door.
 14694 | Gauntlet | Found a large runed translucent door.
 14694 | Gauntlet | Found a large runed translucent door.
 14694 | Gauntlet | Found a runed translucent door.
 14694 | Gauntlet | Found a runed translucent door.
 14695 | Gauntlet | Found a large runed translucent door.
 14696 | Gauntlet | Found a large runed translucent door.
 14697 | Gauntlet | Found a large runed translucent door.
 14697 | Gauntlet | Found a large runed translucent door.
 14698 | Gauntlet | Found a runed translucent gate.
 14698 | Gauntlet | Found a runed translucent gate.
 14698 | Gauntlet | Found a runed translucent gate.
 14700 | Gauntlet | Found a transporter.
 14709 | Gauntlet | Found a large runed translucent door.
 14709 | Gauntlet | Found a large runed translucent door.
 14710 | Gauntlet | Found a large runed translucent door.
 14711 | Gauntlet | Found a large runed translucent door.
 14715 | Gauntlet | Found a transporter.
 14718 | Gauntlet | Found a transporter.
 14735 | Gauntlet | Found a transporter.
 14752 | Gauntlet | Found a transporter.
 14756 | Gauntlet | Found a transporter.
 14794 | Gauntlet | Found a transporter.
 14804 | Gauntlet | Found a large runed translucent door.
 14805 | Gauntlet | Found a large runed translucent door.
 14806 | Gauntlet | Found a large runed translucent door.
 14806 | Gauntlet | Found a large runed translucent door.
 15085 | Gauntlet | Noticed a minotaur
 15098 | Gauntlet | Killed a minotaur
 15099 | Gauntlet | Reached skill level 18 in Axes
 15185 | Gauntlet | Identified the +2 buckler of Valiance {Will+ rCorr Str+3}
 15186 | Gauntlet | Got the Encyclopedia of Orientation
 15424 | Lair:3   | Identified the +3 buckler of Recklessness {+Inv rC- Dex+3
                  | Slay+2} (Okawaru gifted it to you on level 3 of the Lair of
                  | Beasts)
 15424 | Lair:3   | Received a gift from Okawaru
 15793 | Lair:3   | Found a staircase to the Swamp.
 16089 | Lair:3   | Identified the +0 scale mail "Liusomall" {Str+3}
 17153 | Lair:4   | Reached skill level 5 in Invocations
 17551 | Lair:5   | Entered Level 5 of the Lair of Beasts
 17575 | Lair:5   | Reached XP level 14. HP: 118/123 MP: 14/17
 17841 | Orc:1    | Entered Level 1 of the Orcish Mines
 18065 | Orc:1    | Found Febocipt's Weapon Emporium.
 18401 | Orc:2    | Entered Level 2 of the Orcish Mines
 18405 | Orc:2    | Found a runed translucent gate.
 18406 | Orc:2    | Found a runed translucent gate.
 18407 | Orc:2    | Found a runed translucent gate.
 18410 | Orc:2    | Found an opulent altar of Gozag.
 18414 | Orc:2    | Noticed emiel's ghost (journeyman DsFE)
 18446 | Orc:2    | Noticed an orc warlord
 18822 | Orc:2    | Found Tuba's Distillery.
 18825 | Orc:2    | Found Eselekk's General Store.
 19017 | Orc:2    | Identified the +1 hand axe "Mopsus" {heavy, Fragile rPois
                  | rF- Str+4} (Okawaru gifted it to you on level 2 of the
                  | Orcish Mines)
 19017 | Orc:2    | Received a gift from Okawaru
 19030 | Orc:2    | Found a staircase to the Elven Halls.
 19163 | Orc:2    | Found a radiant altar of Vehumet.
 19202 | Orc:2    | Found Ughick's Overcharged Wands.
 19719 | Orc:2    | Reached skill level 19 in Axes
 20117 | Orc:2    | Received a gift from Okawaru
 20134 | Orc:2    | Found Qalumuh's Antique Weapon Emporium.
 20134 | Orc:2    | Found a one-way gate leading to the halls of Pandemonium.
 20134 | Orc:2    | Found Wyeshudu's Book Shoppe.
 20144 | Orc:2    | Bought a glimmering war axe for 161 gold pieces
 20144 | Orc:2    | Identified the +7 war axe "Goblinslayer" {flame, rPois}
                  | (You bought it in a shop on level 2 of the Orcish Mines)
 20144 | Orc:2    | Bought a jewelled war axe for 161 gold pieces
 20144 | Orc:2    | Identified the +5 war axe of the Tooth {flame, *Rage rPois
                  | Int+8} (You bought it in a shop on level 2 of the Orcish
                  | Mines)
 20548 | Lair:5   | Reached ****** piety under Okawaru
 20831 | Lair:5   | Reached XP level 15. HP: 125/132 MP: 18/20
 20863 | Lair:5   | Found a viscous altar of Jiyva.
 20863 | Lair:5   | Found a staircase to the Slime Pits.
 20863 | Lair:5   | Found a runed translucent gate.
 20863 | Lair:5   | Found a runed translucent gate.
 20868 | Lair:5   | Found a runed translucent gate.
 20872 | Lair:5   | Noticed adozu's ghost (journeyman FeSu)
 20872 | Lair:5   | Noticed CoolSool's ghost (journeyman HOHu)
 21146 | Lair:5   | Identified the +0 helmet of Gog Ynu {Dex+3} (Okawaru gifted
                  | it to you on level 5 of the Lair of Beasts)
 21146 | Lair:5   | Received a gift from Okawaru
 21454 | Lair:5   | Reached skill level 20 in Axes
 21536 | Lair:5   | Noticed Josephine
 21546 | Lair:5   | Killed Josephine
 22291 | Lair:5   | Found a burning altar of Makhleb.
 22792 | Lair:5   | Found a gateway to Hell.
 23184 | Snake:1  | Entered Level 1 of the Snake Pit
 23909 | Snake:1  | Received a gift from Okawaru
 24924 | Snake:1  | Reached XP level 16. HP: 87/143 MP: 19/22
 25324 | Snake:2  | Noticed a nagaraja
 26623 | D:12     | Identified the +9 battleaxe "Death Rattle" {heavy, rC+}
                  | (Okawaru gifted it to you on level 12 of the Dungeon)
 26623 | D:12     | Received a gift from Okawaru
 26677 | D:12     | Reached skill level 15 in Armour
 26678 | D:12     | Found a stormy altar of Qazlal.
 27962 | D:13     | Found a portal to a secret trove of treasure.
 27971 | D:13     | Upgraded the game from 0.30-a0-738-g116ff8c4af to
                  | 0.30-a0-739-gea05faddec
 28045 | D:13     | Noticed Azrael
 28073 | D:12     | Reached skill level 10 in Shields
 28098 | D:13     | Killed Azrael
 28630 | D:13     | Received a gift from Okawaru
 28732 | D:14     | Identified the +8 trident "Qerchoinu" {vamp, Drain rPois
                  | Int+5}
 29012 | D:14     | Found a gate to the Vaults.
 29037 | D:14     | Reached skill level 21 in Axes
 29340 | D:14     | Identified the +0 hat "Iticin" {*Corrode Regen+ Dex+3 SInv}
                  | (Okawaru gifted it to you on level 14 of the Dungeon)
 29340 | D:14     | Received a gift from Okawaru
 29491 | D:14     | Reached skill level 10 in Invocations
 29700 | D:15     | Entered Level 15 of the Dungeon
 29718 | D:15     | Found Ycsimp's Jewellery Shop.
 29802 | D:15     | Noticed Kirke
 29818 | D:15     | Killed Kirke
 30155 | D:15     | Found a sacrificial altar of Ru.
 30175 | D:15     | Reached XP level 17. HP: 142/153 MP: 22/24
 31042 | D:15     | Noticed Nessos
 31058 | D:15     | Killed Nessos
 31259 | D:15     | Found a staircase to the Depths.
 31685 | Swamp:1  | Entered Level 1 of the Swamp
 32177 | Swamp:1  | Paralysed by a hornet for 1 turns
 32534 | Swamp:1  | Received a gift from Okawaru
 33686 | Swamp:2  | Reached skill level 22 in Axes
 34296 | Swamp:3  | Identified the +4 chain mail of Cocytus {rC+}
 34387 | Swamp:3  | Noticed Donald
 34403 | Swamp:3  | Killed Donald
 35149 | Swamp:4  | Entered Level 4 of the Swamp
 35149 | Swamp:4  | Noticed Mara
 35167 | Swamp:4  | Noticed Bai Suzhen
 35185 | Swamp:3  | Killed Bai Suzhen
 35381 | Swamp:4  | Noticed Biblin's illusion
 35389 | Swamp:3  | Received a gift from Okawaru
 35439 | Swamp:3  | Killed Mara
 35439 | Swamp:3  | Received a gift from Okawaru
 36065 | Swamp:4  | Reached XP level 18. HP: 136/163 MP: 21/26
 36194 | Swamp:4  | HP: 7/163 [swamp worm/harpoon shot (3)]
 36196 | Swamp:4  | Mangled by a thorn hunter

Illustrated notes

Levels and vault maps discovered:
D:1:      minmay_arrival_checkered_box, layout_loops_ring, st_stairs_4
D:2:      minmay_wonky_spiral, layout_basic,
          nicolae_concentric_dashed_squares_mild, roderic_malta_cross,
          minivault_19, kennysheep_generic_room_5
D:3:      layout_rooms, general_overflow_altar
D:4:      layout_rooms, serial_shops, shop
D:5:      wad_river_or_something, layout_cave_pods, serial_shops,
          kennysheep_mini, minmay_misc_feat_four_crosses, uniq_blork_the_orc
D:6:      layout_loops_ring, minmay_temple_entry_trees, minivault_1,
          minmay_misc_feat_more_columns
D:7:      layout_gridville, gammafunk_ghost_wrathful_warriors
D:8:      layout_basic, serial_shops, shop, hangedman_decor_lopped,
          kennysheep_generic_room_14
D:9:      gammafunk_beogh_shrine, layout_rooms, david_orc_2, serial_shops,
          nicolae_shop_statue_plus, minmay_joined_circles
D:10:     layout_small_grid, david_lair_shrubbed, serial_co_window_serial,
          co_window_paths_a, co_window_paths_b, co_window_of_opportunity_a,
          co_window_paths_a, co_window_paths_a, co_window_broadway_a,
          co_window_unsneaky_path_e, co_window_corner_b,
          co_window_of_opportunity_b, co_window_paths_c,
          co_window_of_opportunity_b, co_window_corner_b, glass_columns_a,
          enter_bailey_3
D:11:     layout_roguey
D:12:     layout_stronghold, hex_tiny, grunt_qazlal_clouds
D:13:     layout_irregular_city, nicolae_trove_entry_columns, uniq_azrael
D:14:     layout_small_grid, grunt_vaults_entry_tiered, minmay_staircase_bubble,
          serial_park_tiny_1
D:15:     hangedman_depths_entry_try_elsewhere_first, layout_stronghold,
          old_standard_altar, serial_shops, nicolae_shop_stone, uniq_nessos,
          uniq_kirke
Temple:   grunt_wide_crystal_templ
Lair:1:   layout_layer_cave, chequers_serial_rivers_micro_e,
          serial_bayou_shore_b, lemuel_fruit_fields
Lair:2:   layout_regular_city, nicolae_snake_entry_warm_welcome,
          portal_ice_cave_rime, grunt_forest_small_clearing_treed
Lair:3:   beast_lair_carwin_large_3, layout_cave_pods,
          skrybe_swamp_entry_bodies, gauntlet_entry_generic, lemuel_fruit_tree
Lair:4:   layout_loops_ring
Lair:5:   evil_forest, layout_cave_pods, minmay_slime_entry_oklob_open,
          gammafunk_ghost_cemetery, chequers_serial_rivers_micro_e,
          patterned_corridor, infiniplex_staircase_pool_2, grunt_megastairs_2,
          uniq_josephine
Swamp:1:  layout_basic_swamp, hangedman_swamp_blocks
Swamp:2:  layout_basic_swamp, evilmike_swamp_ruin_house_5,
          nicolae_swamp_little_tower, infiniplex_staircase_pool
Swamp:3:  layout_basic_swamp, nicolae_swamp_orc_logging_accident, swamp_pool5,
          uniq_donald
Swamp:4:  swamp_pestilence, layout_basic_swamp, swamp_pool1, uniq_mara,
          uniq_bai_suzhen
Snake:1:  layout_rooms, nicolae_snake_springs
Snake:2:  nicolae_snake_nest, layout_cave_town, hellmonk_scale_shop,
          grunt_megastairs_3, uniq_roxanne
Snake:3:  nicolae_aizul_guard, layout_misc_corridors, minmay_shop_star
Orc:1:    layout_caves, serial_shops, nicolae_shop_bloodbath_and_beyond,
          sword_in_stone
Orc:2:    pf_orc_diabolical, layout_caves, ebering_ghost_gozag, basic_altar,
          nicolae_shop_overcharged_wands

Skill      XL: |  1  2  3  4  5  6  7  8  9 10 11 12 13 14 15 16 17 |
---------------+----------------------------------------------------+-----
Axes           | 3 5 7 8 11 13 15 16 18 19 20 21 22 | 22.5
Fighting       | 4 5 6 7 9 14 15 16 17 18 19 21 | 21.2
Armour         | 4 5 6 8 10 11 12 13 14 15 16 | 16.8
Dodging        | 1 2 3 |  3.2
Invocations    | 2 5 7 8 10 | 10.6
Shields        | 4 6 7 9 10 11 | 11.6

Action                     |  1- 3 |  4- 6 |  7- 9 | 10-12 | 13-15 | 16-18 || total
---------------------------+-------+-------+-------+-------+-------+-------++-------
  Melee: War axe           |   123 |   161 |   142 |       |   121 |   677 ||  1224
         Hand axe          |       |       |    58 |   258 |       |       ||   316
         Broad axe         |       |       |       |   179 |   653 |   124 ||   956
         Triple sword      |       |       |       |       |     3 |       ||     3
 Invoke: Heroism           |       |       |       |     5 |    10 |     7 ||    22
    Use: Scroll            |     6 |     5 |     3 |     6 |     5 |       ||    25
         Potion            |       |     2 |     4 |    10 |     6 |     4 ||    26
   Stab: Invisible         |       |       |       |     3 |     1 |       ||     4
 Armour: Scale mail        |    58 |    37 |       |       |       |       ||    95
         Chain mail        |       |    18 |    95 |   143 |   364 |   354 ||   974
         Leather armour    |       |       |       |       |     2 |       ||     2
         Storm dragon scal |       |       |       |       |       |    91 ||    91
  Dodge: Dodged            |    59 |    67 |    62 |   128 |   278 |   225 ||   819
  Block: Buckler           |    25 |    35 |    34 |    68 |   185 |       ||   347
         Kite shield       |       |       |       |    31 |    93 |   479 ||   603

Table legend: (Time is in decaauts)
 A = Elapsed time spent in this place.
 B = Non-inter-level travel time spent in this place.
 C = Inter-level travel time spent in this place.
 D = Time resting spent in this place.
 E = Time spent auto-exploring this place.
 F = Levels seen in this place.
 G = Mean time per level.
                   A        B        C        D        E       F      G
               +--------+--------+--------+--------+--------+-----+--------+
         Total |  36468 |  34314 |   2154 |   9976 |  16744 |  33 | 1105.1 |
       Dungeon |  16500 |  15364 |   1136 |   3047 |   9404 |  15 | 1100.0 |
        Temple |     78 |     70 |      8 |      0 |     38 |   1 |   78.0 |
          Lair |   8376 |   7598 |    778 |   1983 |   4242 |   5 | 1675.2 |
         Swamp |   4688 |   4568 |    120 |   2096 |   1543 |   4 | 1172.0 |
     Snake Pit |   2109 |   2051 |     58 |   1111 |    351 |   3 |  703.0 |
  Orcish Mines |   2458 |   2406 |     52 |    748 |    853 |   2 | 1229.0 |
        Bailey |    675 |    675 |      0 |    320 |     52 |   1 |  675.0 |
      Ice Cave |   1008 |   1008 |      0 |    541 |    149 |   1 | 1008.0 |
      Gauntlet |    573 |    573 |      0 |    128 |    111 |   1 |  573.0 |
               +--------+--------+--------+--------+--------+-----+--------+

Top non-repeatable levels by time:
  Lair:5: 2617 daAuts
   Orc:2: 1890 daAuts
  Lair:1: 1753 daAuts
 Swamp:3: 1723 daAuts
 Snake:1: 1603 daAuts
     D:5: 1587 daAuts
    D:15: 1583 daAuts
     D:9: 1522 daAuts
    D:10: 1517 daAuts
  Lair:2: 1486 daAuts
 Swamp:2: 1459 daAuts
  Lair:3: 1329 daAuts
    D:12: 1246 daAuts
    D:13: 1208 daAuts
  Lair:4: 1189 daAuts
